 Dungeon Sprint DCSS version 0.29.1-2-gbd0b4ee654 (webtiles) character file.

Game seed: 2440958751109030334

3649 Zeld the Severer (level 9, -17/92 HPs)
             Began as a Minotaur Berserker on Nov 3, 2022.
             Was a High Priest of Trog.
             Demolished by Dowan
             ... wielding a +0 morningstar of distortion
              (22 damage)
             ... in the Dungeon (Sprint III: "The Ten Rune Challenge").
             The game lasted 00:01:37 (2333 turns).

Zeld the Severer (Minotaur Berserker)               Turns: 2333, Time: 00:01:37

Health: -17/92     AC: 12    Str: 26    XL:     9   Next: 88%
Magic:  8/8        EV: 12    Int:  4    God:    Trog [*****.]
Gold:   38         SH:  0    Dex: 10    Spells: 8/8 levels left

rFire   . . .      SeeInvis .   a - +2 battleaxe (flame)
rCold   . . .      Faith    .   (shield currently unavailable)
rNeg    . . .      Spirit   .   b - +0 chain mail
rPois   .          Reflect  .   (helmet restricted)
rElec   .          Harm     .   (no cloak)
rCorr   .          Rampage  .   (no gloves)
Will    .....      NoTele   +   (no boots)
Stlth   ..........              (no amulet)
HPRegen 0.25/turn               (no ring)
MPRegen 0.11/turn               (no ring)

@: lethally poisoned (-17 -> -18), on berserk cooldown, slowed, very slow
A: horns 2, retaliatory headbutt
a: Renounce Religion, Berserk, Trog's Hand, Brothers in Arms


You were in the Dungeon.
You worshipped Trog.
Trog was extremely pleased with you.
You visited 1 branch You collected 38 gold pieces.

Inventory:

Hand Weapons
 a - a +2 battleaxe of flaming (weapon)
Armour
 b - a +0 chain mail (worn)
Scrolls
 d - a scroll of immolation {unknown}
 h - a scroll of blinking
 i - a scroll of magic mapping {unknown}
 k - 2 scrolls of poison {unknown}
 l - a scroll of enchant weapon {unknown}
Potions
 c - 2 potions of curing
 e - a potion of haste
 f - 2 potions of magic
 g - a potion of berserk rage
 j - a potion of heal wounds
 m - 2 potions of flight
 n - 5 potions of mutation
Miscellaneous
 o - a box of beasts


   Skills:
 + Level 12.9 Fighting
 * Level 17.4 Axes
 + Level 12.6 Armour
 + Level 11.6 Dodging


You had 8 spell levels left.
You didn't know any spells.
Your spell library was empty.

Dungeon Overview and Level Annotations

Branches:
Dungeon (1/1)

Altars:
Cheibriados
Dithmenos
Elyvilon
Fedhas
Gozag
Hepliaklqana
Kikubaaqudgha
Makhleb
Nemelex Xobeh
Okawaru
Qazlal
Ru
Sif Muna
Trog
Uskayaw
Vehumet
Wu Jian
Xom
Yredelemnul
Zin
The Shining One
Jiyva
Lugonu

Annotations:
D Dowan


Innate Abilities, Weirdness & Mutations

You have a pair of horns on your head.
You reflexively headbutt those who attack you in melee.


Message History

You slice Dowan!! You burn Dowan.
You feel sick. Duvessa closely misses you. Dowan barely misses you.
You furiously retaliate!
You headbutt Dowan!
Unknown command.
Unknown command.
You open Duvessa like a pillowcase!!! You burn Duvessa.
You kill Duvessa!
Trog accepts your kill.
Dowan screams, "No!
Oh no!"
Dowan seems to find hidden reserves of power!
You slice Dowan!! You burn Dowan.
You feel sick.
Dowan hits you with a +0 morningstar of distortion.
* * * LOW HITPOINT WARNING * * *
Space warps around you.
* * * LOW HITPOINT WARNING * * *
Unknown command.
You slash Dowan! You burn Dowan.
Dowan is almost dead.
You feel sick. Dowan gestures at you while chanting.
The shard of ice misses you.
Dowan hits you with a +0 morningstar of distortion.
* * * LOW HITPOINT WARNING * * *
Space warps horribly around you!
* * * LOW HITPOINT WARNING * * *
You miss Dowan.
Dowan is almost dead.
You feel sick.
Dowan casts a spell.
Dowan is healed somewhat.
Unknown command.
You closely miss Dowan. Your headbutt misses Dowan.
Dowan is severely wounded.
You are no longer berserk.
You are exhausted.
You feel as though you will be slow longer.
You feel sick.
Dowan hits you with a +0 morningstar of distortion.
* * * LOW HITPOINT WARNING * * *
Space warps horribly around you!!
You die...

##.#..#.##)###.#..^...#
'##)#.#.##.#.)##^..^^^#
#..)#..#..##..'...^^..#
▓▓▓▓▓▓▓▓▓▓▓▓▓▓#.......#
....)...~~~...#.......#
≈≈≈≈≈≈≈≈≈≈♣♣..'....^.^#
♣♣♣♣♣♣♣♣♣♣♣♣..#...^...#
♣♣♣##'###### #.@.+
#e).# #...# #####


You could see Dowan (fast).

Vanquished Creatures
  Erolcha (D)
  A deep elf pyromancer (D)
  Duvessa (D)
  A shadow (D)
  2 redbacks (D)
  3 wandering mushrooms (D)
  A spatial vortex (D)
  5 two-headed ogres (D)
  A necrophage (D)
  A water elemental (D)
  A jelly (D)
  Jessica (D)
  A wizard (D)
  A necromancer (D)
  A kobold demonologist (D)
  3 humans (D)
  A phantom (D)
  3 rats (D)
29 creatures vanquished.

Vanquished Creatures (others)
  3 plants (D)
3 creatures vanquished.

Grand Total: 32 creatures vanquished

Notes
Turn   | Place    | Note
-------+----------+-------------------------------------------
     0 | D        | Zeld the Minotaur Berserker began the quest for the Orb.
     0 | D        | Reached XP level 1. HP: 19/19 MP: 0/0
     5 | D        | Reached skill level 4 in Axes
    53 | D        | Noticed Jessica
    65 | D        | Killed Jessica
    65 | D        | Reached ** piety under Trog
    66 | D        | Reached skill level 5 in Axes
    66 | D        | Reached XP level 2. HP: 28/28 MP: 1/1
   206 | D        | Reached skill level 5 in Fighting
   206 | D        | Reached skill level 6 in Axes
   206 | D        | Reached XP level 3. HP: 36/36 MP: 2/2
   590 | D        | Noticed a water elemental
   596 | D        | Killed a water elemental
   596 | D        | Reached *** piety under Trog
   597 | D        | Reached skill level 7 in Axes
   597 | D        | Reached skill level 5 in Armour
   597 | D        | Reached XP level 4. HP: 39/44 MP: 3/3
   721 | D        | Found a radiant altar of Vehumet.
   721 | D        | Found a shimmering blue altar of Sif Muna.
   721 | D        | Found an ancient bone altar of Kikubaaqudgha.
   721 | D        | Noticed a wizard
   725 | D        | Noticed an orange demon
   726 | D        | Killed a wizard
   727 | D        | Reached skill level 8 in Axes
   727 | D        | Reached skill level 5 in Dodging
   727 | D        | Reached XP level 5. HP: 51/51 MP: 4/4
   878 | D        | Found a glowing silver altar of Zin.
   878 | D        | Found a glowing golden altar of the Shining One.
   878 | D        | Found a white marble altar of Elyvilon.
   880 | D        | Noticed a deep elf pyromancer
   882 | D        | Noticed a fire elemental
   884 | D        | Killed a deep elf pyromancer
   884 | D        | Reached **** piety under Trog
   885 | D        | Reached skill level 12 in Axes
   885 | D        | Reached XP level 6. HP: 63/63 MP: 5/5
   885 | D        | Reached XP level 7. HP: 70/70 MP: 6/6
   959 | D        | Found a hide-covered altar of Uskayaw.
   959 | D        | Found an iron altar of Okawaru.
   959 | D        | Found a bloodstained altar of Trog.
   959 | D        | Found an ornate altar of the Wu Jian Council.
   959 | D        | Noticed a human
   960 | D        | Noticed a human
   965 | D        | Killed a human
   973 | D        | Killed a human
   974 | D        | Reached skill level 13 in Axes
  1114 | D        | Found a basalt altar of Yredelemnul.
  1114 | D        | Found a shadowy altar of Dithmenos.
  1114 | D        | Found a sacrificial altar of Ru.
  1120 | D        | Reached ***** piety under Trog
  1121 | D        | Reached skill level 10 in Fighting
  1160 | D        | Noticed a shadow
  1165 | D        | Killed a shadow
  1166 | D        | Reached XP level 8. HP: 79/79 MP: 7/7
  1192 | D        | Found a blossoming altar of Fedhas.
  1192 | D        | Found a stormy altar of Qazlal.
  1192 | D        | Found a snail-covered altar of Cheibriados.
  1192 | D        | Found a burning altar of Makhleb.
  1192 | D        | Found a shimmering altar of Xom.
  1200 | D        | Found a hazy altar of Hepliaklqana.
  1200 | D        | Found an opulent altar of Gozag.
  1200 | D        | Found a sparkling altar of Nemelex Xobeh.
  1200 | D        | Found a corrupted altar of Lugonu.
  1200 | D        | Found a viscous altar of Jiyva.
  1227 | D        | Reached skill level 14 in Axes
  1227 | D        | Reached skill level 10 in Armour
  1368 | D        | Received a gift from Trog
  1641 | D        | Noticed a two-headed ogre
  1646 | D        | Killed a two-headed ogre
  1647 | D        | Reached skill level 15 in Axes
  1647 | D        | Reached skill level 10 in Dodging
  1788 | D        | Noticed a two-headed ogre
  1788 | D        | Noticed Erolcha
  1792 | D        | Killed Erolcha
  1793 | D        | Reached skill level 16 in Axes
  1793 | D        | Reached XP level 9. HP: 90/90 MP: 8/8
  1794 | D        | Killed a two-headed ogre
  2013 | D        | Noticed a wandering mushroom
  2019 | D        | Noticed a wandering mushroom
  2021 | D        | Noticed a wandering mushroom
  2114 | D        | Killed a wandering mushroom
  2114 | D        | Received a gift from Trog
  2115 | D        | Reached skill level 17 in Axes
  2323 | D        | Noticed Dowan
  2323 | D        | Noticed Duvessa
  2330 | D        | Killed Duvessa
  2333 | D        | Demolished by Dowan

Illustrated notes

Levels and vault maps discovered:
D:        dungeon_sprint_mu [sprint_mu_entry_forest, sprint_mu_temple_rooms,
          sprint_mu_d1_spiders, sprint_mu_d2_genie, sprint_mu_d3_branching,
          sprint_mu_orc_legion, sprint_mu_elf_gauntlet, sprint_mu_hive_nellie,
          sprint_mu_lair_fedhas, sprint_mu_vaults_butterflies,
          sprint_mu_slime_circle, sprint_mu_swamp_cave, sprint_mu_snake_twists,
          sprint_mu_blade_basic, sprint_mu_crypt_lich, sprint_mu_tomb_spiral,
          sprint_mu_vestibule_basic, sprint_mu_gehenna_hellfire,
          sprint_mu_dis_giant, sprint_mu_tartarus_statrot,
          sprint_mu_cocytus_islands, sprint_mu_zot1]

Skill      XL: |  1  2  3  4  5  6  7  8  9 |
---------------+----------------------------+-----
Axes           | 5 6 7 8 12 13 16 17 | 17.4
Fighting       | 4 5 6 9 10 11 12 | 12.9
Armour         | 3 4 5 8 9 11 12 | 12.6
Dodging        | 3 4 5 7 9 10 11 | 11.6

Action                   |  1- 3 |  4- 6 |  7- 9 || total
-------------------------+-------+-------+-------++-------
Melee: Hand axe          |    36 |     9 |    39 ||    84
       Headbutt          |     5 |     1 |    15 ||    21
       Battleaxe         |       |       |    34 ||    34
Invok: Berserk           |     3 |     2 |     7 ||    12
       Trog's Hand       |     1 |       |       ||     1
  Use: Potion            |     1 |       |       ||     1
Armor: Chain mail        |     9 |     2 |    13 ||    24
Dodge: Dodged            |    16 |     1 |    26 ||    43
